 Dungeon Crawl Stone Soup version 0.32-a0-814-g0968bab981 (webtiles) character file.

Game seed: 14106089616378067772

1 Shayle the Apothecary (level 1, 0/13 HPs)
             Began as a Coglin Alchemist on Mar 22, 2024.
             Slain by an endoplasm (3 damage)
             ... on level 1 of the Dungeon.
             The game lasted 00:00:22 (52 turns).

Shayle the Apothecary (Coglin Alchemist)              Turns: 52, Time: 00:00:23

Health: 0/13       AC:  2    Str:  8    XL:     1   Next: 20%
Magic:  1/3        EV: 11    Int: 14    God:
Gold:   0          SH:  0    Dex: 14    Spells: 2/3 levels left

rFire   . . .        (no weapon)
rCold   . . .        (no shield)
rNeg    . . .        a - +0 robe
rPois   .            (no helmet)
rElec   .            (no cloak)
rCorr   .            (no gloves)
SInv    .            (no boots)
Will    .....        (amulet unavailable)
Stlth   ++           (ring unavailable)
HPRegen 0.22/turn    (ring unavailable)
MPRegen 0.08/turn    (no gizmo)

%: no passive effects
@: no status effects
A: off-hand wielding, slow wielding, warmup strikes, no jewellery
a: Invent Gizmo


You were on level 1 of the Dungeon.
You visited 1 branch of the dungeon, and saw 1 of its levels.

Inventory:

Armour
 a - a +0 robe (worn)
Magical Staves
 c - a staff of conjuration
Potions
 b - a potion of magic


   Skills:
 + Level 0.2 Fighting
 + Level 0.1 Ranged Weapons
 - Level 1.7 Dodging
 - Level 1.5 Stealth
 - Level 1.7 Spellcasting
 - Level 0.8 Conjurations
 - Level 3.2 Alchemy


You had 2 spell levels left.
You knew the following spells:

 Your Spells              Type           Power      Damage    Failure   Level
a - Sting                 Conj/Alch      28%        1d4       11%         1

Your spell library contained the following spells:

 Spells                   Type           Power      Damage    Failure   Level
 Mercury Vapours          Alch/Air       10%        N/A       19%         2
 Mephitic Cloud           Conj/Alch/Air  5%         N/A       38%         3
 Olgreb's Toxic Radiance  Alch           10%        N/A       54%         4
 Sticky Flame             Fire/Alch      5%         2d4       77%         4


Dungeon Overview and Level Annotations

Branches:
Dungeon (1/15)

Altars:


Innate Abilities, Weirdness & Mutations

You can wield a second weapon in your off-hand.
It takes a long time for you to wield or remove held weapons.
Your first few attacks do less damage.
You cannot equip rings or amulets.


Message History

Confirm with . or Enter, or press ? or * to list all spells.
Aiming: Sting (safe; 11% risk of failure)
Press: ? - help, Shift-Dir - straight line, f - you, p - kobold
Okay, then.
The kobold attacks as it pursues you! The kobold barely misses you.
Casting: Sting (safe; 11% risk of failure)
Confirm with . or Enter, or press ? or * to list all spells.
Aiming: Sting (safe; 11% risk of failure)
Press: ? - help, Shift-Dir - straight line, f - kobold
Aim: a kobold, wielding a +0 short sword (heavily wounded, 60% to hit)
The sting misses the kobold.
Casting: Sting (safe; 11% risk of failure)
Confirm with . or Enter, or press ? or * to list all spells.
Aiming: Sting (safe; 11% risk of failure)
Press: ? - help, Shift-Dir - straight line, f/p - kobold
Aim: a kobold, wielding a +0 short sword (heavily wounded, 60% to hit)
The sting hits the kobold.
The kobold is poisoned.
The kobold is severely wounded.
The kobold hits you with a +0 short sword.
Unknown command.
You kill the kobold!
You see here a staff of conjuration.
c - a staff of conjuration The endoplasm attacks as it pursues you!
The endoplasm closely misses you.
Found 7 gold pieces.
The endoplasm jiggles.
The endoplasm hits you.
You start attuning to your weapon.
You continue attuning to your staff of conjuration.
The endoplasm freezes you.
You are frozen.
You continue attuning to your staff of conjuration.
The endoplasm hits you.
You continue attuning to your staff of conjuration.
The endoplasm hits you.
* * * LOW HITPOINT WARNING * * *
You continue attuning to your staff of conjuration.
The endoplasm hits you.
You die...

$# ...# .# .# #...##.## .#
#...#...## #. .#
.$.......#####.##.#
...........##.#..
#.$....##.##.#.#
#...J......#.#@# #.. #J..#
#..#.#J# ####..# ##.##
#..#..J# #......####
#.####......###.###.....####
#....).....................
#..#####........P#~#P.....P#
#....
######..P##~##P...P##~#
##.#. ##..~~~~~..<..~~~~
#.#. #.P##~##P...P##~#


You could see 2 endoplasms.

Vanquished Creatures
  A kobold (D:1)
1 creature vanquished.

Notes
Turn   | Place    | Note
-------+----------+-------------------------------------------
     0 | D:1      | Shayle the Coglin Alchemist began the quest for the Orb.
     0 | D:1      | Reached XP level 1. HP: 13/13 MP: 3/3
    52 | D:1      | Slain by an endoplasm

Illustrated notes

Levels and vault maps discovered:
D:1:      eino_arrival_water_cross, layout_loops_ring, minmay_indecisive_spiral

Action                     || total
---------------------------++-------
  Melee: Unarmed           ||     1
   Cast: Sting             ||     3
 Armour: Robe              ||     6
  Dodge: Dodged            ||     3

Table legend: (Time is in decaauts)
 A = Elapsed time spent in this place.
 B = Non-inter-level travel time spent in this place.
 C = Inter-level travel time spent in this place.
 D = Time resting spent in this place.
 E = Time spent auto-exploring this place.
 F = Levels seen in this place.
 G = Mean time per level.
                   A        B        C        D        E       F      G
               +--------+--------+--------+--------+--------+-----+--------+
         Total |     52 |     52 |      0 |      0 |     24 |   1 |   52.0 |
       Dungeon |     52 |     52 |      0 |      0 |     24 |   1 |   52.0 |
               +--------+--------+--------+--------+--------+-----+--------+

Top non-repeatable levels by time:
     D:1: 52 daAuts
